 Dungeon Crawl Stone Soup version 0.26-a0-812-g31a745ddcd (webtiles) character file.

Game seed: 4127409551450603815

1117 mhtbhm the Cudgeller (level 8, -2/73 HPs)
             Began as a Gargoyle Berserker on Nov 13, 2020.
             Was an Elder of Trog.
             Slain by an orc warrior
             ... wielding a +0 scimitar
              (19 damage)
             ... on level 5 of the Dungeon.
             The game lasted 00:05:43 (5555 turns).

mhtbhm the Cudgeller (Gargoyle Berserker)           Turns: 5555, Time: 00:05:44

Health: -2/73      AC: 14    Str: 23    XL:     8   Next: 34%
Magic:  8/8        EV: 11    Int:  8    God:    Trog [****..]
Gold:   209        SH:  4    Dex:  9    Spells: 7/7 levels left

rFire    . . .     SeeInvis +   a - +0 mace
rCold    . . .     Faith    +   f - +0 buckler
rNeg     + + .     Spirit   .   b - +0 ring mail (curse)
rPois    ∞         Reflect  .   e - +2 helmet
rElec    +         Harm     .   (no cloak)
rCorr    .         Rampage  .   (no gloves)
MR       .....                  (no boots)
Stlth    ..........             i - amulet of faith
HPRegen  0.22/turn              s - ring of positive energy
MPRegen  0.11/turn              m - ring of see invisible

@: berserking, very quick
A: negative energy resistance 1, electricity resistance, unbreathing,
petrification resistance, rot immunity, AC +5
a: Berserk, Trog's Hand, Brothers in Arms, Renounce Religion


You were on level 5 of the Dungeon.
You worshipped Trog.
Trog was greatly pleased with you.
You visited 1 branch of the dungeon, and saw 6 of its levels.

You collected 209 gold pieces.

Inventory:

Hand Weapons
 a - a +0 mace (weapon)
Armour
 b - a cursed +0 ring mail (worn)
 e - a +2 helmet (worn)
 f - a +0 buckler (worn)
Jewellery
 i - an amulet of faith (around neck)
 m - a ring of see invisible (right hand)
 s - a ring of positive energy (left hand)
Scrolls
 c - a scroll of magic mapping
 l - 4 scrolls of remove curse {unknown}
 o - a scroll of identify
 q - 4 scrolls of amnesia {unknown}
 r - a scroll of blinking {unknown}
 v - a scroll of fear {unknown}
Potions
 d - a potion of cancellation
 g - a potion of might
 h - 2 potions of haste
 j - a potion of flight {unknown}
 k - 5 potions of mutation {unknown}
 n - a potion of resistance {unknown}
 t - a potion of curing {unknown}
 u - a potion of heal wounds {unknown}


   Skills:
 + Level 5.0 Fighting
 + Level 7.3 Maces & Flails
 + Level 4.9 Armour
 + Level 3.0 Dodging
 + Level 0.1 Stealth
 + Level 2.9 Shields


You had 7 spell levels left.
You didn't know any spells.
Your spell library was empty.

Dungeon Overview and Level Annotations

Branches:
Dungeon (6/15)
 Temple: D:4-7

Altars:
Hepliaklqana
Nemelex Xobeh
Qazlal
Ru
Trog
Uskayaw
Wu Jian


Innate Abilities, Weirdness & Mutations

You are resistant to torment.
Your stone body is resilient. (AC +5)
You are immune to poison.
You resist negative energy. (rN+)
You are resistant to electric shocks. (rElec)
You can survive without breathing.
You are immune to petrification.
You are immune to rotting.


Message History

You are too injured to fight recklessly!
You aren't carrying any items that you can evoke.
Unknown command.
Okay, then.
You aren't carrying any items that you can evoke.
Unknown command.
You hit the orc warrior but do no damage.
The orc warrior hits you with a +0 scimitar.
You hit the orc warrior but do no damage.
The orc warrior hits you with a +0 scimitar.
* * * LOW HITPOINT WARNING * * *
Okay, then.
A red film seems to cover your vision as you go berserk!
You feel yourself moving faster!
You feel mighty!
The orc warrior hits you with a +0 scimitar.
* * * LOW HITPOINT WARNING * * *
You closely miss the orc warrior. You closely miss the orc warrior.
The orc warrior hits you with a +0 scimitar!!
You die...

...#####....#
...#...#....#
...'...#....#
...###+#....#
............#
............##########
..........+##..##....#
.....................#
#..#####........@†...#
)..#)()#.......).o...#
).)#$!(#.............#
'..#!)$#...##..###...#
.).#####..###<.###...#
.................#...#
.................+...#
........##'#######'####
..(...............!...#


You could see an orc warrior.

Vanquished Creatures
  Sigmund (D:2)
  An ogre (D:5)
  3 phantoms
  A bullfrog (D:5)
  A howler monkey (D:5)
  A centaur zombie (D:5)
  A centaur skeleton (D:5)
  An orc priest (D:3)
  A hound (D:5)
  4 orc wizards
  3 worker ants (D:4)
  Terence (D:2)
  5 adders
  A worm (D:3)
  6 leopard geckos
  24 orcs
  2 ball pythons
  A giant cockroach (D:1)
  7 goblins
  6 hobgoblins
  12 jackals
  10 bats
  4 frilled lizards
  8 kobolds
  A leopard gecko skeleton (D:5)
  A quokka zombie (D:5)
  9 rats
  A bush (D:4)
117 creatures vanquished.

Vanquished Creatures (others)
  2 plants (D:4)
2 creatures vanquished.

Grand Total: 119 creatures vanquished

Notes
Turn   | Place    | Note
-------+----------+-------------------------------------------
     0 | D:1      | mhtbhm the Gargoyle Berserker began the quest for the Orb.
     0 | D:1      | Reached XP level 1. HP: 14/14 MP: 1/1
   101 | D:1      | Reached XP level 2. HP: 8/19 MP: 2/2
   634 | D:1      | Reached XP level 3. HP: 20/24 MP: 3/3
  1059 | D:2      | Noticed Sigmund
  1077 | D:2      | Killed Sigmund
  1077 | D:2      | Reached skill level 4 in Maces & Flails
  1077 | D:2      | Reached skill level 1 in Shields
  1077 | D:2      | Reached XP level 4. HP: 6/29 MP: 4/4
  1077 | D:2      | Reached XP level 5. HP: 7/33 MP: 5/5
  1686 | D:2      | Noticed Terence
  1697 | D:2      | Killed Terence
  1868 | D:2      | Reached XP level 6. HP: 38/38 MP: 6/6
  1871 | D:2      | Reached ** piety under Trog
  1996 | D:2      | Found a bloodstained altar of Trog.
  2741 | D:3      | Found a hazy altar of Hepliaklqana.
  2850 | D:3      | Reached skill level 5 in Maces & Flails
  3058 | D:3      | Reached *** piety under Trog
  3298 | D:4      | Found an ornate altar of the Wu Jian Council.
  3304 | D:4      | Found a sacrificial altar of Ru.
  3307 | D:4      | Found a stormy altar of Qazlal.
  3376 | D:4      | Reached XP level 7. HP: 43/43 MP: 7/7
  3469 | D:4      | Reached skill level 6 in Maces & Flails
  3643 | D:4      | Got a scorched mace
  3644 | D:4      | Identified the +5 mace of Beogh's Respect {pain, rN+ MR+}
                  | (You found it on level 4 of the Dungeon)
  4476 | D:5      | Entered Level 5 of the Dungeon
  4695 | D:5      | Found a sparkling altar of Nemelex Xobeh.
  4936 | D:5      | Reached **** piety under Trog
  4976 | D:5      | Reached XP level 8. HP: 48/48 MP: 8/8
  5001 | D:5      | Found a hide-covered altar of Uskayaw.
  5006 | D:5      | Reached skill level 7 in Maces & Flails
  5489 | D:5      | Reached skill level 5 in Fighting
  5555 | D:5      | Slain by an orc warrior

Illustrated notes

Levels and vault maps discovered:
D:1:      enne_arrival_octagon_isle, layout_basic, serial_bayou_pond_b
D:2:      layout_basic, trog_butcher_becter, uniq_terence, uniq_sigmund
D:3:      layout_loops_ring, overflow_temple_1_default
D:4:      layout_loops_ring, minmay_overflow_temple_star_quad, serial_forest,
          infiniplex_forest_lined_2, infiniplex_forest_straight_2,
          infiniplex_forest_diagonal, infiniplex_forest_split,
          infiniplex_forest_clump_tiny, infiniplex_forest_end_1,
          infiniplex_forest_zigzag_1, small_statue_intersection
D:5:      layout_gridville, eat_drink_and_be_merry_uskayaw, serial_glass,
          glass_columns_c, glass_columns_a, minmay_strange_pillars,
          feat_on_display, due_unseen_surprise, item_on_display_a,
          nemelex_lonely_heart_becter
D:6:      layout_cave_pools, kennysheep_ying_yang, gammafunk_ghost_mausoleum,
          tgw_kikubaaqudgha, uniq_pikel

Skill      XL: |  1  2  3  4  5  6  7  8 |
---------------+-------------------------+-----
Fighting       | 4 5 |  5.0
Maces & Flails | 4 5 6 7 |  7.3
Armour         | 3 4 |  4.9
Dodging        | 2 3 |  3.0
Shields        | 1 2 |  2.9
Stealth        | |  0.1

Action                   |  1- 3 |  4- 6 |  7- 9 || total
-------------------------+-------+-------+-------++-------
Melee: Mace              |    89 |   212 |   341 ||   642
Invok: Berserk           |       |     1 |     2 ||     3
  Use: Scroll            |     3 |     2 |     2 ||     7
       Potion            |     1 |       |       ||     1
Armor: Ring mail         |    59 |   133 |   125 ||   317
Dodge: Dodged            |    52 |   127 |   123 ||   302
Block: Buckler           |    19 |    42 |    40 ||   101

Table legend: (Time is in decaauts)
 A = Elapsed time spent in this place.
 B = Non-inter-level travel time spent in this place.
 C = Inter-level travel time spent in this place.
 D = Time resting spent in this place.
 E = Time spent auto-exploring this place.
 F = Levels seen in this place.
 G = Mean time per level.
                   A        B        C        D        E       F      G
               +--------+--------+--------+--------+--------+-----+--------+
         Total |   5661 |   5571 |     90 |    767 |   3443 |   6 |  943.5 |
       Dungeon |   5661 |   5571 |     90 |    767 |   3443 |   6 |  943.5 |
               +--------+--------+--------+--------+--------+-----+--------+

Top non-repeatable levels by time:
     D:2: 1368 daAuts
     D:4: 1271 daAuts
     D:5: 1036 daAuts
     D:1: 961 daAuts
     D:3: 960 daAuts
     D:6: 63 daAuts
